[Event "40th Cappelle Open 2024"]
[Site "Cappelle-la-Grande"]
[Date "2024.03.06"]
[Round "6.12"]
[White "Tarhan, Adar"]
[Black "Le Marec, Simon"]
[Result "1/2-1/2"]
[ECO "B33"]
[WhiteElo "2432"]
[BlackElo "2188"]
[Annotator "TA"]
[PlyCount "134"]
[EventDate "2024.03.02"]
[EventType "swiss"]
[EventCountry "FRA"]
[SourceTitle "playchess.com"]
[Source "ChessBase"]
[SourceQuality "1"]
[TimeControl "40/5400+30:1800+30"]

1. e4 c5 2. Nf3 Nc6 3. d4 cxd4 4. Nxd4 Nf6 5. Nc3 e5 6. Ndb5 d6 7. Bg5 a6 8. Bxf6 gxf6 9. Na3 b5 10. Nd5 Bg7 11. Bd3 Ne7 12. Nxe7 Qxe7 13. c4 f5 14. O-O O-O 15. exf5 (15. cxb5 d5 $11) (15. Qh5 $14) 15... e4 $15 16. f6 (16. Re1 $15 Bxf5 (16... Bxb2 17. Bxe4 Ra7 18. Rb1 $16) 17. Qb3) 16... Bxf6 $17 17. Re1 {[%emt 0:00:08] Schwarz steht besser.} d5 (17... Bxb2 $2 18. Bxe4 (18. Rxe4 Qf6 $17) 18... Be6 19. Qh5 $18 (19. Bxa8 Bxa1 20. Qxa1 Rxa8 $18)) 18. cxd5 Bxb2 19. d6 (19. Nc2 $17 f5 20. Rb1) 19... Qxd6 $2 ({Günstiger ist} 19... Qf6 $1 $19 20. Bxe4 Ra7 21. Nxb5 (21. Qh5 $2 h6 $19) 21... axb5) 20. Bxe4 $11 Qxd1 (20... Qxa3 $6 21. Qh5 (21. Bxa8 Bxa1 22. Qxa1 Rd8 $11) (21. Re3 Qc5 $11) 21... f5 (21... h6 22. Qxh6) 22. Bxa8 Bxa1 23. Bd5+ (23. Rxa1 Be6 $11) 23... Kh8 24. Rxa1 $16) 21. Raxd1 Be6 22. Bxa8 Rxa8 23. Re3 Rc8 {[%emt 0:04:18][%mdl 1024] Schwarz hat Kompensation.} 24. h4 b4 (24... Bxa2 25. Rd2 Bxa3 26. Rxa3 $18 (26. Rxa2 b4 $14)) 25. Nb1 a5 $36 {[%emt 0:10:42][%mdl 2048] Weiss steht unter Druck.} 26. Re2 (26. a4 $15) 26... Bf6 $17 27. Nd2 Rc2 $1 (27... Bxh4 28. Nb3 $11) (27... Bxa2 $2 28. Ne4 b3 29. Nxf6+ $18) 28. Rde1 Rxa2 {[%emt 0:07:23][%cal Of6c3] ...Bc3! ist eine echte Drohung.} 29. Ne4 Kg7 $1 (29... Bxh4 30. Rxa2 Bxa2 31. Nc5 $17) 30. Rxa2 Bxa2 {[%emt 0:00:08][%mdl 4096] Endspiel. KRN-KB} 31. Nd6 $2 (31. Nxf6 Kxf6 32. Kh2 b3) (31. Nc5 {war nötig.}) 31... Bc3 $19 (31... Bxh4 32. Nf5+ Kf6 33. Nxh4 $16) 32. Re3 Be6 (32... a4 $142 {Droht stark ...a3.} 33. Nb5 Bf6) 33. Ne4 Bd4 34. Rg3+ Kf8 35. Rd3 {[%emt 0:00:02] [#]} Bb6 {[%emt 0:02:49] Das Läuferpaar ist gut.} (35... Be5 $1 $17 36. Nc5 Ke7) 36. Ng5 $2 (36. Rd6 $15 Bc7 37. Rc6) 36... a4 37. Rd6 {[%emt 0:00:44] [#]} a3 $1 38. Rxb6 a2 39. Nxe6+ fxe6 {[%emt 0:00:10] KR-KP} 40. Ra6 (40. Rxb4 a1=Q+ (40... a1=B $2 41. Rb8+ Ke7 42. Rb7+ Kf8 43. Rxh7 $18) 41. Kh2 Qe1 42. Rf4+ Kg7 43. Rg4+ Kf7 $19) (40. Rb8+ Ke7 41. Ra8 (41. Rxb4 $2 a1=Q+ 42. Kh2 Qe5+ 43. g3 Qe1 $19) 41... b3 $19) 40... b3 41. Kh2 (41. Rxe6 $2 {geht unter.} b2 (41... a1=B $2 42. Rb6 $18) (41... a1=Q+ $2 42. Kh2 $19) 42. Kf1 b1=Q+ $19 (42... b1=R+ $2 43. Re1 $19)) ({Viel schwächer wäre} 41. Ra8+ Ke7 42. Kh2 (42. Ra7+ $2 Kf6 $19) 42... b2 43. Rxa2 b1=Q $19 (43... b1=B $2 44. Ra7+ Kd8 45. Kh3 $18)) 41... b2 42. Rxa2 b1=Q {[%emt 0:01:09] KQ-KR} (42... b1=B $2 {ist das falsche Schlagen.} 43. Ra7 $18) 43. Ra3 Ke7 44. Re3 Qf1 45. Kg3 Kd6 46. Re4 Kd5 47. f3 Qh1 48. Re2 e5 49. Re4 Qb1 50. Ra4 Qc2 51. Rb4 h5 52. Kh3 Qc8+ 53. Kg3 Qf5 54. Kh2 Qc2 $2 ({Vorzuziehen ist} 54... Qg6 $19 {Und ...Qd6 würde nun gewinnen.} 55. Rb5+ Kd4 56. Rb4+ Kc5) 55. Re4 $2 (55. Kh3 $1 $11 {und Weiss steht sicher.} Qf5+ 56. Kh2) 55... Qb1 56. Ra4 Ke6 57. Ra6+ Kf5 58. Ra4 Qe1 59. Re4 Qd1 60. Rb4 Ke6 61. Rc4 Kd6 62. Rb4 Kd5 63. Re4 Qb3 64. Kh3 Qb1 65. Kh2 {[%emt 0:00:00] [#]} Qxe4 $2 66. fxe4+ $11 Kxe4 {[%emt 0:00:00] ( -> ...Kf4)} 67. g4 $1 hxg4 {[%emt 0:00:00] Gewichteter Fehlerwert: Weiß=0.42/Schwarz=0.32.  Verlustzug:     	Weiß=2     	---        Gewinn verpasst:   	---       	Schwarz=3     Fehler:       	Weiß=4     	Schwarz=2     Ungenau:       	Weiß=2     	Schwarz=1     OK:         	Weiß=16    	Schwarz=20    Bester:       	Weiß=7     	Schwarz=4     Stark:        	Weiß=1     	Schwarz=1} 1/2-1/2

[Event "40th Cappelle Open 2024"]
[Site "Cappelle-la-Grande"]
[Date "2024.03.06"]
[Round "6.13"]
[White "Gopal G.N."]
[Black "Ringuet, Noe"]
[Result "1-0"]
[ECO "B08"]
[WhiteElo "2575"]
[BlackElo "2184"]
[Annotator "TA"]
[PlyCount "45"]
[EventDate "2024.03.02"]
[EventType "swiss"]
[EventCountry "FRA"]
[SourceTitle "playchess.com"]
[Source "ChessBase"]
[SourceQuality "1"]
[TimeControl "40/5400+30:1800+30"]

1. e4 d6 2. d4 Nf6 3. Nc3 g6 4. Be3 c6 5. Qd2 Nbd7 6. Nf3 Bg7 7. Bh6 O-O 8. O-O-O Qa5 9. h4 {[%emt 0:02:04] [#] Und jetzt Bxg7 wäre schön.} Bxh6 10. Qxh6 {[%emt 0:00:04] Und Ng5 würde nun gewinnen.} Ng4 $1 {[%emt 0:00:03][%csl LRf2,LRh6] Weiß hat minimalen Vorteil.} 11. Qd2 h5 12. Kb1 e5 (12... b5 $11 {bleibt in der Remisbreite.}) 13. Ng5 b5 14. f3 b4 {[%emt 0:02:34] [#]} (14... Ngf6 $16) 15. Nb5 $1 cxb5 16. fxg4 Nb6 $2 (16... Nf6) 17. gxh5 $18 {[%emt 0:04:47] Weiß steht klar auf Gewinn.} Bg4 18. hxg6 fxg6 19. dxe5 {[%emt 0:01:19][%cal Od2d6] Schwarz muss nun Qxd6! beachten.} Bxd1 20. Qxd1 ({Weniger gut wäre} 20. exd6 Bg4 21. h5 Rf6 $18) 20... b3 21. axb3 {[%emt 0:01:31] h5 wäre nun fies.} ({Schwächer ist} 21. cxb3 dxe5 22. h5 Rad8 $16) 21... dxe5 22. h5 Rad8 23. Bd3 {[%emt 0:00:13] Schwarz wurde aus der Eröffnung heraus überspielt.   Gewichteter Fehlerwert: Weiß=0.04 (makellos) /Schwarz=0.55.  Fehler:       	---       	Schwarz=3     OK:         	Weiß=5     	Schwarz=3     Bester:       	Weiß=1     	Schwarz=1} 1-0

[Event "40th Cappelle Open 2024"]
[Site "Cappelle-la-Grande"]
[Date "2024.03.06"]
[Round "6.14"]
[White "Bellahcene, Bilel"]
[Black "Lacan Rus, David"]
[Result "1-0"]
[ECO "B32"]
[WhiteElo "2522"]
[BlackElo "2169"]
[Annotator "TA"]
[PlyCount "85"]
[EventDate "2024.03.02"]
[EventType "swiss"]
[EventCountry "FRA"]
[SourceTitle "playchess.com"]
[Source "ChessBase"]
[SourceQuality "1"]
[TimeControl "40/5400+30:1800+30"]

1. e4 c5 2. Nf3 Nc6 3. d4 cxd4 4. Nxd4 e5 5. Nb5 d6 6. c4 Be6 7. N1c3 a6 8. Na3 g6 9. Nc2 Bg7 10. Be3 Nf6 {[%emt 0:01:50] The position is equal.} 11. Be2 (11. Qd2 {looks sharper.} O-O 12. Rd1 Rc8 13. Qxd6 Nd4 14. Qxd8 Nxc2+ 15. Kd2) 11... Rc8 12. Rc1 Na5 (12... Ne7 $11) 13. b3 $14 b5 {[%emt 0:00:57][%cal Rb5c4] [#]} 14. Nd5 $1 Bxd5 (14... bxc4 $2 15. Bb6 Qd7 16. Nxf6+ (16. Bxa5 Bxd5 17. exd5 Rc5 $16) 16... Bxf6 17. Bxa5 $18) 15. exd5 O-O (15... bxc4 $14 16. b4 O-O) 16. O-O (16. cxb5 $16 axb5 17. O-O (17. Bxb5 $2 Nxb3 18. axb3 Qa5+ 19. Ke2 Qxb5+ 20. Qd3 Qxd3+ 21. Kxd3 Nxd5 $19)) 16... bxc4 $11 17. b4 $1 Nb7 18. Na3 {[%emt 0:00:12][%mdl 1024] White has compensation.} a5 19. b5 $36 {[%emt 0:00:11][%mdl 2048] White has some pressure.} c3 20. Nc4 Ne4 (20... Ng4 $11) 21. f3 $14 Nec5 22. Rxc3 f5 23. Rc1 g5 (23... Ra8 $14) 24. Kh1 {[%emt 0:01:41] White is more active.} f4 25. Bf2 Rf6 26. Nd2 Rh6 27. Ne4 ({White should play} 27. Qc2 $18) 27... g4 $16 28. g3 Nxe4 29. fxe4 Rxc1 30. Qxc1 Nc5 $2 {[%emt 0:00:35] A mistake that costs the game.} 31. Bxc5 (31. Bxg4 $6 fxg3 32. Bxg3 (32. Bxc5 Qh4 $15) 32... Nxe4 $18) 31... dxc5 32. Bxg4 fxg3 33. h3 (33. Qxc5 Rxh2+ 34. Kg1 Bh6 $11) 33... Qh4 34. Kg2 Rf6 35. Bf5 (35. Qxc5 Rxf1 36. Kxf1 Bf8 $18) (35. Rxf6 $6 Qxf6 36. Bf5 (36. Qxc5 Qf4 $18) (36. Kxg3 Bh6 $16) 36... Bf8 $18) 35... Bh6 $2 (35... Kh8 36. Qxc5 Bf8) 36. Qc2 {[%emt 0:01:10][%cal Oc2b2] [#] Hoping for Qb2!} Kg7 $2 (36... Kh8 37. Qxc5 Qg5) 37. Rf3 Bf4 $2 (37... Kh8 38. Qc3 (38. Qxc5 Bf8 $18) (38. Rxg3 Bf4 $18) 38... Bf8 39. Qxe5 (39. Rxg3 Rf7 $18) (39. Qxa5 c4 $18) 39... Bg7 40. Qxg3 (40. Rxg3 Qh6 $18) (40. Qf4 Qxf4 41. Rxf4 Rb6 $18) 40... Qh6) 38. Qxc5 $18 {[%emt 0:00:37] White wants to mate with Qe7+.} Qh5 39. d6 {[%emt 0:02:06][%cal Bd5d6,Bd6d7][%mdl 32] Black must now prevent d7.} Qf7 40. Rc3 Qxa2+ 41. Rc2 Qa4 {[%emt 0:05:02] Black is weak on the light squares} 42. Qc7+ Rf7 43. d7 {[%emt 0:00:00] Weighted Error Value: White=0.43/Black=0.82.  Loses game:     	---       	Black=1      Mistake:       	White=2     	Black=7      Inaccurate:     	White=3     	Black=1      OK:         	White=7     	Black=9      Best:        	White=4     	Black=6      Strong:       	White=2     	---} 1-0

[Event "40th Cappelle Open 2024"]
[Site "Cappelle-la-Grande"]
[Date "2024.03.06"]
[Round "6.15"]
[White "Valsecchi, Alessio"]
[Black "Van Houtte, Randy"]
[Result "1-0"]
[ECO "D05"]
[WhiteElo "2490"]
[BlackElo "2152"]
[Annotator "TA"]
[PlyCount "46"]
[EventDate "2024.03.02"]
[EventType "swiss"]
[EventCountry "FRA"]
[SourceTitle "playchess.com"]
[Source "ChessBase"]
[SourceQuality "1"]
[TimeControl "40/5400+30:1800+30"]

1. d4 d5 2. Nf3 Nf6 3. e3 e6 4. a3 Bd6 5. c4 b6 6. Nbd2 O-O 7. Bd3 Bb7 8. b4 {[%emt 0:05:52] The position is equal.} c5 9. bxc5 bxc5 10. Rb1 Bc6 11. cxd5 exd5 12. dxc5 Bxc5 13. Bb2 Nbd7 14. O-O Qe7 15. Nd4 Bxd4 16. Bxd4 Qxa3 17. Nf3 Qd6 18. Nh4 {[%emt 0:01:20][%mdl 1024] [#] And now Nf5 would win. White has compensation.} Rfe8 $2 (18... g6 $11) 19. Nf5 $16 {[%emt 0:05:56] White is more active.} Qe6 20. f4 {[%emt 0:01:17] Against Ne5} g6 $2 {[%emt 0:07:14] Inhibits g4.} (20... a6 $16) 21. Nh6+ $18 Kg7 22. Ng4 Qd6 23. Qc2 Kg8 {[%emt 0:15:28] Weighted Error Value: White=0.23 (precise) /Black=0.52.  Loses game:     	---       	Black=1      Mistake:       	---       	Black=2      Inaccurate:     	White=1     	Black=1      OK:         	White=6     	Black=7      Best:        	White=2     	---} (23... Rac8 {is a better defense.} 24. Qf2 Kg8) 1-0

[Event "40th Cappelle Open 2024"]
[Site "Cappelle-la-Grande"]
[Date "2024.03.06"]
[Round "6.16"]
[White "Bourquin, Pascal"]
[Black "Girel, Joseph"]
[Result "0-1"]
[ECO "A09"]
[WhiteElo "2243"]
[BlackElo "2486"]
[Annotator "TA"]
[PlyCount "74"]
[EventDate "2024.03.02"]
[EventType "swiss"]
[EventCountry "FRA"]
[SourceTitle "playchess.com"]
[Source "ChessBase"]
[SourceQuality "1"]
[TimeControl "40/5400+30:1800+30"]

1. Nf3 d5 2. c4 d4 3. b4 g5 4. Bb2 Bg7 5. Nxg5 e5 6. Ne4 f5 7. Ng3 (7. Nc5 $1 $11) 7... Nf6 $1 $15 {[%emt 0:11:35] Hoping for ...f4.} 8. e4 {[%emt 0:06:13] Black is slightly better.} fxe4 9. Be2 {[%emt 0:08:47] Repels h5} O-O (9... h5 $5) 10. O-O a5 11. d3 (11. b5 $1 $11) 11... exd3 12. Bxd3 axb4 13. Nd2 Nbd7 14. Nf3 b6 15. Re1 Nc5 (15... Re8 $15) 16. Nxe5 Nxd3 17. Qxd3 {[%emt 0:01:29][%cal Oe5c6] [#] Black must now prevent Nc6!} c5 18. Nc6 Qc7 19. Ne7+ Kh8 {[%emt 0:00:06] Threatens to win with ...Ng4.} 20. Nxc8 Raxc8 21. Re2 {[%emt 0:01:52] Now White is beyond hope.} (21. f3 $17 {is a better defense.}) 21... Ng4 $19 22. Rae1 Qf7 ({Black should try} 22... Ne5 $19 23. Qc2 Ra8) 23. f3 (23. Qd2 $17 {keeps fighting.}) 23... Ne3 24. Rxe3 $2 (24. Qb3) 24... dxe3 25. Bxg7+ Qxg7 26. Nf5 Qc3 27. Qxc3+ bxc3 28. Nxe3 {[%emt 0:00:06][%mdl 4096] Endgame. KRR-KRN} Rfe8 29. Kf2 Rcd8 30. Nd5 Rxe1 31. Kxe1 {[%emt 0:00:04][%cal Oa2a4] [#] KR-KN} b5 {[%emt 0:00:29][%mdl 512] ...c2 would now be deadly.} 32. Nxc3 bxc4 {[%emt 0:00:37] Strongly threatening ...Rd3.} 33. a4 $2 (33. Ke2 {was necessary.}) 33... Rd3 34. Ne4 (34. Nb1 $142) 34... c3 {[%emt 0:00:51] ( -> ...c2). Black is clearly winning.} 35. Nxc5 Rd5 36. Nb3 c2 {[%emt 0:00:10] aiming for ...Rd3.} 37. a5 Rd3 {[%emt 0:00:15] Weighted Error Value: White=0.74/Black=0.28 (precise) .  Mistake:       	White=7     	Black=2      Inaccurate:     	White=3     	Black=3      OK:         	White=13    	Black=11     Best:        	White=2     	Black=6      Strong:       	---       	Black=1} 0-1

[Event "40th Cappelle Open 2024"]
[Site "Cappelle-la-Grande"]
[Date "2024.03.06"]
[Round "6.17"]
[White "Degardin, Sylvain"]
[Black "Panjwani, Raja"]
[Result "0-1"]
[ECO "B32"]
[WhiteElo "2235"]
[BlackElo "2468"]
[Annotator "TA"]
[PlyCount "72"]
[EventDate "2024.03.02"]
[EventType "swiss"]
[EventCountry "FRA"]
[SourceTitle "playchess.com"]
[Source "ChessBase"]
[SourceQuality "1"]
[TimeControl "40/5400+30:1800+30"]

1. e4 c5 2. Nf3 Nc6 3. d4 cxd4 4. Nxd4 e5 5. Nb5 d6 6. N1c3 a6 7. Na3 Be6 8. Nc4 b5 9. Ne3 Nf6 10. Bd3 g6 11. O-O Bg7 {[%emt 0:00:22] White is slightly better.} 12. Ned5 O-O 13. Bg5 {[%emt 0:10:35] Qf3 would now be deadly.} b4 14. Qf3 bxc3 15. Nxf6+ (15. Bxf6 $2 {loses.} Bxf6 16. Nxf6+ Kg7 $19) 15... Bxf6 16. Bxf6 {[%emt 0:01:09] [#]} Nd4 $1 17. Bxd8 Nxf3+ 18. gxf3 {[%emt 0:00:11] Threatens to win with Bc7.} cxb2 19. Rab1 Rfxd8 20. Rxb2 Rdb8 21. Rfb1 Rxb2 22. Rxb2 $11 {[%emt 0:00:03][%mdl 4096] Endgame. KRB-KRB} a5 23. a3 (23. Kg2 $11) 23... Rc8 $15 {[%emt 0:00:32] Strongly threatening ...Rc3.} 24. Rb5 Rc5 25. Rxc5 dxc5 {[%emt 0:00:06] KB-KB} 26. c4 $2 {[%emt 0:06:54][%mdl 8192] Now White is beyond hope.} (26. Bb5 $17 {is more resistant.}) 26... Bh3 $19 27. Bf1 {[%emt 0:00:50] [#]} (27. Bc2 $142) 27... Bxf1 $1 28. Kxf1 {[%emt 0:00:06] [#] KP-KP} Kg7 $1 29. Kg2 Kh6 30. Kg3 Kg5 31. a4 f6 32. h3 h6 33. h4+ Kh5 34. Kh3 g5 {[%emt 0:01:18] Black mates.} 35. f4 exf4 36. f3 Kg6 {[%emt 0:00:04] Weighted Error Value: White=1.30/Black=0.01 (flawless) .  Loses game:     	White=1     	---        Mistake:       	White=2     	---        Inaccurate:     	White=3     	---        OK:         	White=5     	Black=10     Best:        	White=2     	Black=3      Strong:       	---       	Black=2} 0-1

[Event "40th Cappelle Open 2024"]
[Site "Cappelle-la-Grande"]
[Date "2024.03.06"]
[Round "6.18"]
[White "Pourquet, Matthieu"]
[Black "Wirig, Anthony"]
[Result "1/2-1/2"]
[ECO "D10"]
[WhiteElo "2233"]
[BlackElo "2462"]
[Annotator "RC"]
[PlyCount "46"]
[EventDate "2024.03.02"]
[EventType "swiss"]
[EventCountry "FRA"]
[SourceTitle "playchess.com"]
[Source "ChessBase"]
[SourceQuality "1"]
[TimeControl "40/5400+30:1800+30"]

1. d4 d5 2. c4 c6 3. cxd5 cxd5 4. Bf4 Nf6 5. Nc3 Nc6 6. e3 Bg4 7. f3 Bd7 8. Kf2 a6 9. g4 e6 10. h4 Bb4 11. Nge2 Qe7 12. a3 Bd6 13. Bxd6 Qxd6 14. Nf4 Ng8 15. Qd2 Nge7 16. Rd1 Na7 17. h5 h6 18. Rg1 f6 19. Rc1 Bc6 20. Bd3 O-O-O 21. Ng6 Nxg6 22. Bxg6 Kb8 23. Rg2 e5 1/2-1/2

[Event "40th Cappelle Open 2024"]
[Site "Cappelle-la-Grande"]
[Date "2024.03.06"]
[Round "7.1"]
[White "Puranik, Abhimanyu"]
[Black "Lamard, Guillaume"]
[Result "1/2-1/2"]
[ECO "C55"]
[WhiteElo "2618"]
[BlackElo "2483"]
[Annotator "TA"]
[PlyCount "40"]
[EventDate "2024.03.02"]
[EventType "swiss"]
[EventCountry "FRA"]
[SourceTitle "playchess.com"]
[Source "ChessBase"]
[SourceQuality "1"]
[TimeControl "40/5400+30:1800+30"]

1. e4 e5 2. Nf3 Nc6 3. Bc4 Nf6 4. d3 Be7 5. O-O O-O 6. h3 d6 7. a4 a5 8. Nc3 Be6 9. Re1 Bxc4 {[%emt 0:02:55] The position is equal.} 10. dxc4 b6 11. Nd5 Nb8 12. c3 Nbd7 13. Qc2 Nc5 14. b4 Ne6 15. Be3 Nd7 16. Red1 Qe8 17. Bc1 Bd8 18. Ra2 Kh8 19. Ne1 Nf6 20. b5 Ng8 {[%emt 0:40:29] Not much happened in this game.   Weighted Error Value: White=0.06 (flawless) /Black=0.04 (flawless) .  OK:         	White=3     	Black=8} 1/2-1/2

[Event "40th Cappelle Open 2024"]
[Site "Cappelle-la-Grande"]
[Date "2024.03.06"]
[Round "7.2"]
[White "Lodici, Lorenzo"]
[Black "Barp, Alberto"]
[Result "1/2-1/2"]
[ECO "C28"]
[WhiteElo "2558"]
[BlackElo "2449"]
[Annotator "RC"]
[PlyCount "67"]
[EventDate "2024.03.02"]
[EventType "swiss"]
[EventCountry "FRA"]
[SourceTitle "playchess.com"]
[Source "ChessBase"]
[SourceQuality "1"]
[TimeControl "40/5400+30:1800+30"]

1. e4 e5 2. Bc4 Nf6 3. d3 Nc6 4. Nc3 Na5 5. Qf3 d6 6. h3 Be7 7. Nge2 O-O 8. O-O Nxc4 9. dxc4 Be6 10. b3 Nd7 11. Nd5 Re8 12. Nxe7+ Qxe7 13. Qg3 Nc5 14. Nc3 f5 15. exf5 Bxf5 16. Nd5 Qf7 17. f4 c6 18. Ne3 Qg6 19. Nxf5 Qxf5 20. fxe5 Qxe5 21. Bf4 Qd4+ 22. Kh2 Ne4 23. Qd3 Qxd3 24. cxd3 Nf6 25. Bxd6 Rad8 26. c5 Re2 27. Rf4 h6 28. a3 Rd2 29. Raf1 Re8 30. Rb4 Ree2 31. Rg1 b5 32. cxb6 axb6 33. Rxb6 Rxd3 34. Rxc6 1/2-1/2

[Event "40th Cappelle Open 2024"]
[Site "Cappelle-la-Grande"]
[Date "2024.03.06"]
[Round "7.3"]
[White "Velten, Paul"]
[Black "Can, Emre"]
[Result "1/2-1/2"]
[ECO "D44"]
[WhiteElo "2475"]
[BlackElo "2551"]
[Annotator "TA"]
[PlyCount "52"]
[EventDate "2024.03.02"]
[EventType "swiss"]
[EventCountry "FRA"]
[SourceTitle "playchess.com"]
[Source "ChessBase"]
[SourceQuality "1"]
[TimeControl "40/5400+30:1800+30"]

1. d4 d5 2. c4 e6 3. Nf3 Nf6 4. Nc3 c6 5. Bg5 dxc4 6. e4 b5 7. e5 h6 8. Bh4 g5 9. Nxg5 hxg5 10. Bxg5 Be7 11. exf6 Bxf6 12. Bxf6 Qxf6 {[%emt 0:00:07] [#]} 13. Be2 ({Better is} 13. g3 $1 $16) 13... Nd7 $11 14. Qd2 Bb7 15. Ne4 {[%emt 0:02:38] White has an edge.} Qe7 16. Qf4 {[%emt 0:00:24] Nd6+ would now be deadly.} Nb6 ({Don't blunder} 16... Qb4+ $2 17. Kf1 $18) 17. Nd6+ Kf8 18. Nxb7 Qxb7 19. b3 cxb3 ({Black should play} 19... Qb8 $11 20. Qg5 (20. Qf6 Rxh2 21. O-O-O Nd5 $15) 20... Qd6) 20. axb3 $14 Qe7 21. Qe5 {[%emt 0:08:36][%cal Re5h8] [#] Prevents Nd5.} Qb4+ 22. Kf1 Rh4 $132 {[%emt 0:02:53][%mdl 2048] Black has counterplay} 23. g4 Nd5 24. Kg2 Qd2 {[%emt 0:03:06] ...Nf4+ is the strong threat.} 25. Rhe1 (25. Kg3 $11 f6 26. Qd6+ (26. Qxe6 $2 {perishes.} Rh3+ 27. Kxh3 Nf4+ 28. Kg3 Nxe6 $19) 26... Kf7 27. Kxh4) 25... Qh6 26. Bf3 a5 {[%emt 0:12:38] Weighted Error Value: White=0.22 (precise) /Black=0.15 (very precise) .  Mistake:       	White=1     	Black=1      Inaccurate:     	White=3     	Black=2      OK:         	White=5     	Black=5      Best:        	White=1     	Black=1} (26... Nf4+ $5 27. Kg1 Rxh2 $15) 1/2-1/2

[Event "40th Cappelle Open 2024"]
[Site "Cappelle-la-Grande"]
[Date "2024.03.06"]
[Round "7.4"]
[White "Sasikiran, Krishnan"]
[Black "Pacher, Milan"]
[Result "1-0"]
[ECO "D20"]
[WhiteElo "2578"]
[BlackElo "2393"]
[Annotator "TA"]
[PlyCount "57"]
[EventDate "2024.03.02"]
[EventType "swiss"]
[EventCountry "FRA"]
[SourceTitle "playchess.com"]
[Source "ChessBase"]
[SourceQuality "1"]
[TimeControl "40/5400+30:1800+30"]

1. d4 d5 2. c4 dxc4 3. e4 e5 4. Nf3 Bb4+ 5. Nc3 b5 (5... exd4 $11 {keeps the balance.} 6. Qxd4 Qxd4 7. Nxd4 Nf6) 6. Nxe5 ({White should try} 6. dxe5 $16 {Hoping for Qxd8+.} a6 7. a4) 6... Nf6 $14 7. f3 O-O 8. a4 {[%emt 0:07:08] White is slightly better.} c5 9. Be3 Nbd7 {[%emt 0:21:47] Black is on the road to losing.} (9... cxd4 $14 10. Qxd4 Qe7 11. axb5 Rd8 12. Qxc4 Be6) 10. Nc6 $18 ({Stronger than} 10. axb5 cxd4 11. Bxd4 Nxe5 12. Bxe5 Qe7 13. Bxf6 Qxf6 $15) 10... Qb6 11. d5 {[%emt 0:05:10] Nxb4 is the strong threat.} a5 (11... Bxc3+ $16 {was necessary.} 12. bxc3 Re8) 12. axb5 Qxb5 13. Be2 Bb7 14. Nxb4 Qxb4 15. O-O Qxb2 16. Qc1 Qxc1 17. Rfxc1 ({Don't play} 17. Bxc1 Ne5 18. Bf4 Nfd7 $18) 17... Rfc8 18. Rcb1 ({Don't do} 18. Bxc4 Ne5) 18... Ra7 19. Bxc4 Ne8 20. Bf4 {[%emt 0:02:12] Black is weak on the light squares} f6 $2 (20... h5 21. h3 Kh7) 21. Nb5 Raa8 {[%emt 0:00:02] [#]} 22. Nc7 $1 Ra7 23. d6+ Kh8 24. Bb5 {[%emt 0:00:14] Inhibits Bc6. A strong pair of Bishops.} Nxc7 25. Bxd7 Rd8 26. dxc7 Rxd7 {[%emt 0:00:03] [#]} 27. Rxb7 $1 {[%emt 0:00:08][%mdl 512] White mates.} Rxb7 (27... h6 28. c8=Q+) 28. c8=Q+ Rd8 29. Qxd8# {[%emt 0:00:07] Weighted Error Value: White=0.06 (flawless) /Black=0.58.  Mistake:       	---       	Black=3      Inaccurate:     	---       	Black=1      OK:         	White=13    	Black=5      Best:        	White=1     	Black=2} 1-0

[Event "40th Cappelle Open 2024"]
[Site "Cappelle-la-Grande"]
[Date "2024.03.06"]
[Round "7.5"]
[White "Idani, Pouya"]
[Black "Decuigniere, Tom"]
[Result "1-0"]
[ECO "B55"]
[WhiteElo "2609"]
[BlackElo "2402"]
[Annotator "TA"]
[PlyCount "71"]
[EventDate "2024.03.02"]
[EventType "swiss"]
[EventCountry "FRA"]
[SourceTitle "playchess.com"]
[Source "ChessBase"]
[SourceQuality "1"]
[TimeControl "40/5400+30:1800+30"]

1. e4 c5 2. Nf3 d6 3. d4 cxd4 4. Nxd4 Nf6 5. Bd3 g6 6. c4 Bg7 7. h3 Nc6 8. Be3 {[%emt 0:00:30] The position is equal.} Ng4 9. hxg4 {[%emt 0:00:14] [#] Be2 would now be deadly.} Bxd4 10. Bxd4 Nxd4 11. Nc3 e5 12. f3 Be6 13. Qd2 Rc8 14. b3 a6 15. Rd1 Qa5 16. Ne2 Qxd2+ 17. Rxd2 Nxe2 18. Bxe2 Ke7 19. Kf2 h6 20. g3 Rcd8 21. f4 Bd7 22. Ke3 Bc6 23. Bf3 Rc8 24. f5 {[%emt 0:16:36] White is more active.} b5 25. Rdh2 bxc4 26. bxc4 Ba8 27. Be2 Rhg8 28. Rd1 h5 29. f6+ Kxf6 (29... Kd7 $11 {remains equal.}) 30. Rxd6+ $16 Ke7 31. Rxa6 hxg4 32. Ra7+ ({And not} 32. Bxg4 Rxc4 33. Ra7+ Kf6 34. Rf2+ Kg5 $19) 32... Kf6 (32... Kd6 {keeps fighting.} 33. Rxf7 Rcf8) 33. Rf2+ $18 {[%emt 0:00:35] White has a decisive advantage.} ({Inferior is} 33. Bxg4 Rxc4 34. Rf2+ Kg5 $19) 33... Kg5 34. Rfxf7 ({Weaker is} 34. Raxf7 Rc5 $16) 34... Rh8 35. Ra5 Rce8 36. Rf4 {[%emt 0:00:10] Weighted Error Value: White=0.10 (very precise) /Black=0.20 (precise) .  Mistake:       	---       	Black=2      Inaccurate:     	White=3     	Black=2      OK:         	White=12    	Black=12     Best:        	White=3     	Black=2} 1-0